 Dungeon Crawl Stone Soup version 0.26.1-2-gb8aa6d0cf2 (webtiles) character file.

Game seed: 9416028769939723504

501 Mattiprrivan the Magician (level 7, 0/38 HPs)
             Began as a Gargoyle Hedge Wizard on Mar 6, 2021.
             Slain by a worker ant (6 damage)
             ... on level 5 of the Dungeon.
             The game lasted 00:42:14 (5549 turns).

Mattiprrivan the Magician (Gargoyle Hedge Wizard)   Turns: 5549, Time: 00:42:16

Health: 0/38       AC: 10    Str: 13    XL:     7   Next: 17%
Magic:  0/13       EV: 12    Int: 15    God:
Gold:   226        SH:  0    Dex: 11    Spells: 8/14 levels left

rFire    . . .     SeeInvis .   i - +0 great sword (vorpal)
rCold    . . .     Faith    .   (shield currently unavailable)
rNeg     + . .     Spirit   .   g - +1 leather armour
rPois    ∞         Reflect  .   d - +1 hat
rElec    +         Harm     .   (no cloak)
rCorr    .         Rampage  .   (no gloves)
Will     .....                  (no boots)
Stlth    ++........             (no amulet)
HPRegen  0.12/turn              (no ring)
MPRegen  0.13/turn              (no ring)

@: very slightly contaminated, hasted, very quick
A: negative energy resistance 1, electricity resistance, unbreathing,
petrification resistance, miasma immunity, AC +4
a: no special abilities


You were on level 5 of the Dungeon.
You visited 1 branch of the dungeon, and saw 5 of its levels.

You collected 226 gold pieces.

Inventory:

Hand Weapons
 i - a +0 vorpal great sword (weapon)
Armour
 d - a +1 hat (worn)
 g - a +1 leather armour (worn)
Jewellery
 h - an uncursed amulet of faith
Wands
 b - a wand of polymorph (6)
Scrolls
 f - 3 scrolls of remove curse
Potions
 e - a potion of curing
 j - a potion of cancellation


   Skills:
 * Level 1.5 Fighting
 - Level 1.0(1.3) Short Blades
 * Level 1.3(1.5) Long Blades
 - Level 0.1 Maces & Flails
 - Level 0.2 Polearms
 - Level 0.1(0.2) Staves
 * Level 2.1 Armour
 * Level 2.1 Dodging
 * Level 3.1 Stealth
 * Level 4.2 Spellcasting
 * Level 2.1 Conjurations
 * Level 2.3 Summonings
 * Level 1.9 Translocations
 * Level 1.0 Air Magic
 * Level 1.2 Poison Magic
 * Level 0.3 Evocations


You had 8 spell levels left.
You knew the following spells:

 Your Spells              Type           Power        Failure   Level
a - Magic Dart            Conj           36%          10%         1
b - Call Imp              Summ           10%          13%         2
c - Mephitic Cloud        Conj/Pois/Air  7%           36%         3

Your spell library contained the following spells:

 Spells                   Type           Power        Failure   Level
 Blink                    Tloc           N/A          16%         2
 Slow                     Hex            3%           34%         2
 Conjure Flame            Conj/Fire      6%           41%         3


Dungeon Overview and Level Annotations

Branches:
Dungeon (5/15)
 Temple: D:4-7

Altars:
Nemelex Xobeh
The Shining One

Annotations:
D:5 Eustachio


Innate Abilities, Weirdness & Mutations

You are resistant to torment.
Your stone body is resilient. (AC +4)
You are immune to poison.
You resist negative energy. (rN+)
You are resistant to electric shocks. (rElec)
You can survive without breathing.
You are immune to petrification.
You are immune to miasma.


Message History

Your white imp gestures at the bat.
The puff of frost hits the worker ant.
The ice beast hits you. The ice beast freezes you!
* * * LOW HITPOINT WARNING * * *
The bat hits your white imp but does no damage.
The ice beast barely misses your white imp.
Found 2 fuming black potions.
Casting: Call Imp (safe; 13% risk of failure)
Confirm with . or Enter, or press ? or * to list all spells.
You miscast Call Imp.
You are very lightly contaminated with residual magic.
Nothing appears to happen.
The worker ant bites you but does no damage.
Hit: i) +0 great sword (vorpal)
Press: ? - help, Dir - move target, f/p - worker ant
Aim: a worker ant (heavily wounded)
You hit the worker ant.
The worker ant is severely wounded.
The worker ant bites you.
You die...

.######## ........#
........#######
.....).........
.....@Yr...#
..[..b5....#
########...#
####...##5..#########.
...⌠.⌠.@B.............
##.._..##....######.#.
##⌠.⌠! #....# ##...
#....# #### ######


You could see a worker ant and a friendly white imp (summoned).

Vanquished Creatures
  A hound (D:4)
  2 worker ants (D:4)
  6 adders
  An ufetubus (D:5)
  A worm (D:3)
  2 dart slugs
  A leopard gecko (D:3)
  An orc (D:4)
  A giant cockroach (D:2)
  9 goblins
  5 hobgoblins
  A jackal (D:4)
  A ball python (D:1)
  6 bats
  5 frilled lizards
  4 kobolds
  3 rats
50 creatures vanquished.

Vanquished Creatures (collateral kills)
  A phantom (D:4)
  An ice beast (D:4)
  An ogre (D:4)
  A scorpion (D:4)
  A howler monkey (D:4)
  An orc priest (D:4)
  3 worker ants (D:5)
  3 gnolls (D:2)
  An adder (D:3)
  3 worms
  4 orcs
  A ball python (D:2)
  2 bats
  A giant cockroach (D:3)
  2 hobgoblins
  4 jackals (D:4)
  2 kobolds
  3 frilled lizards
  A rat (D:2)
36 creatures vanquished.

Grand Total: 86 creatures vanquished

Notes
Turn   | Place    | Note
-------+----------+-------------------------------------------
     0 | D:1      | Mattiprrivan the Gargoyle Hedge Wizard began the quest for
                  | the Orb.
     0 | D:1      | Reached XP level 1. HP: 10/10 MP: 4/4
   525 | D:1      | Reached skill level 1 in Summonings
   597 | D:1      | Reached XP level 2. HP: 15/15 MP: 0/6
   600 | D:1      | Learned a level 2 spell: Call Imp
  1019 | D:1      | Reached skill level 1 in Translocations
  1659 | D:2      | Reached XP level 3. HP: 7/19 MP: 0/7
  1834 | D:2      | Reached skill level 1 in Armour
  1912 | D:2      | Learned a level 3 spell: Mephitic Cloud
  2216 | D:2      | Found a glowing golden altar of the Shining One.
  2291 | D:2      | Reached XP level 4. HP: 16/24 MP: 2/9
  3305 | D:3      | Reached skill level 1 in Short Blades
  4132 | D:3      | Reached XP level 5. HP: 21/28 MP: 3/10
  4366 | D:4      | Noticed an ogre
  4373 | D:4      | Killed an ogre
  4411 | D:4      | Reached skill level 1 in Fighting
  4421 | D:4      | Reached XP level 6. HP: 34/34 MP: 2/11
  4464 | D:4      | Reached skill level 1 in Long Blades
  4464 | D:4      | Reached skill level 1 in Poison Magic
  4830 | D:4      | Noticed a phantom
  4849 | D:4      | Killed a phantom
  4850 | D:4      | Reached skill level 4 in Spellcasting
  5111 | D:4      | Noticed an ice beast
  5141 | D:4      | Killed an ice beast
  5142 | D:4      | Reached XP level 7. HP: 38/38 MP: 1/13
  5426 | D:5      | Entered Level 5 of the Dungeon
  5442 | D:5      | Noticed Ijyb
  5443 | D:5      | Noticed Ijyb
  5443 | D:5      | Ijyb changed into Ijyb the worker ant
  5449 | D:5      | Killed Ijyb the worker ant
  5514 | D:5      | Found a sparkling altar of Nemelex Xobeh.
  5516 | D:5      | Noticed Eustachio
  5526 | D:5      | Reached skill level 1 in Air Magic
  5549 | D:5      | Slain by a worker ant

Illustrated notes

Levels and vault maps discovered:
D:1:      doesnt_arrival_eight_statues, layout_loops_corners
D:2:      layout_basic, tso_metal_star
D:3:      layout_loops_ring
D:4:      layout_loops_ring
D:5:      layout_basic, nemelex_xobeh_ov_fountains_minmay, uniq_ijyb,
          uniq_pikel, uniq_duvessa, uniq_eustachio

Skill      XL: |  1  2  3  4  5  6  7 |
---------------+----------------------+-----
Summonings     | 1 2 |  2.3
Translocations | 1 |  1.9
Armour         | 1 2 |  2.1
Short Blades   | 1 |  1.0
Fighting       | 1 |  1.5
Dodging        | 2 |  2.1
Long Blades    | 1 |  1.3
Poison Magic   | 1 |  1.2
Stealth        | 3 |  3.1
Spellcasting   | 4 |  4.2
Conjurations   | 2 |  2.1
Air Magic      | 1 |  1.0
Maces & Flails | |  0.1
Polearms       | |  0.2
Staves         | |  0.1
Evocations     | |  0.3

Action                   |  1- 3 |  4- 6 |  7- 9 || total
-------------------------+-------+-------+-------++-------
Melee: Dagger            |    25 |       |       ||    25
       Spear             |    18 |    30 |       ||    48
       Great sword       |       |    48 |    19 ||    67
 Cast: Magic Dart        |    25 |    59 |       ||    84
       Call Imp          |    12 |    35 |     9 ||    56
Evoke: Wand              |       |       |     1 ||     1
  Use: Potion            |     6 |     1 |     1 ||     8
       Scroll            |     4 |     3 |     3 ||    10
 Stab: Sleeping          |     1 |       |     2 ||     3
       Distracted        |       |     1 |       ||     1
Armor: Robe              |    17 |    37 |       ||    54
       Leather armour    |       |     5 |    22 ||    27
Dodge: Dodged            |    30 |    70 |    33 ||   133
       Rpst.: Great sword |       |    15 |    10 ||    25
